 Dungeon Crawl Stone Soup version 0.29.0-13-gc9e81de378 (webtiles) character file.

Game seed: 5714080592321488254

149 gelatine the Firebug (level 5, -3/35 HPs)
             Began as a Demonspawn Fire Elementalist on Sept 11, 2022.
             Slain by an orc priest
             ... wielding a +0 hand axe
              (7 damage)
             ... on level 4 of the Dungeon.
             The game lasted 00:03:58 (1680 turns).

gelatine the Firebug (Demonspawn Fire Elementalist) Turns: 1680, Time: 00:03:59

Health: -3/35      AC:  2    Str:  9    XL:     5   Next: 9%
Magic:  1/9        EV: 12    Int: 18    God:
Gold:   87         SH:  0    Dex: 13    Spells: 9/10 levels left

rFire   . . .      SeeInvis .   h - +1 dagger (venom)
rCold   . . .      Faith    .   f - orb {light}
rNeg    . . .      Spirit   .   a - +0 robe
rPois   .          Reflect  .   (helmet restricted)
rElec   .          Harm     .   (no cloak)
rCorr   .          Rampage  .   (no gloves)
Will    .....                   (no boots)
Stlth   +.........              (no amulet)
HPRegen 0.11/turn               (no ring)
MPRegen 0.11/turn               (no ring)

@: glowing
A: antennae 1, weakness stinger 1, demonic touch 1
a: no special abilities


You were on level 4 of the Dungeon.
You visited 1 branch of the dungeon, and saw 3 of its levels.

You collected 87 gold pieces.

Inventory:

Hand Weapons
 e - a +0 dagger
 h - a +1 dagger of venom (weapon)
Armour
 a - a +0 robe (worn)
 f - an orb of light (worn)
Jewellery
 n - an amulet of regeneration
Scrolls
 c - a scroll of noise {unknown}
 g - a scroll of enchant weapon {unknown}
 i - a scroll of silence {unknown}
 j - 5 scrolls of identify {unknown}
 k - 4 scrolls of magic mapping {unknown}
Potions
 b - a potion of magic
 d - a potion of heal wounds {unknown}
 l - 2 potions of lignification {unknown}
 m - a potion of curing {unknown}


   Skills:
 + Level 0.2 Fighting
 + Level 2.3 Dodging
 + Level 1.9 Stealth
 + Level 3.2 Spellcasting
 + Level 2.1 Conjurations
 + Level 3.7 Fire Magic


You had 9 spell levels left.
You knew the following spells:

 Your Spells              Type           Power      Damage    Failure   Level
a - Foxfire               Conj/Fire      52%        2x1d6     4%          1

Your spell library contained the following spells:

 Spells                   Type           Power      Damage    Failure   Level
 Scorch                   Fire           32%        2d7       5%          2
 Magic Dart               Conj           40%        1d5       7%          1
 Searing Ray              Conj           20%        2d5       10%         2
 Conjure Flame            Conj/Fire      13%        6-21      14%         3
 Inner Flame              Hex/Fire       9%         N/A       22%         3
 Flame Wave               Conj/Fire      13%        2d6       43%         4
 Fulminant Prism          Conj/Hex       3%         3d6       71%         4


Dungeon Overview and Level Annotations

Branches:
Dungeon (2/15)

Altars:
Uskayaw


Innate Abilities, Weirdness & Mutations

You have a pair of small antennae on your head.
You have a small tail.
Your touch may inflict minor irresistible damage on your foes.


Message History

The orc shouts!
The orc priest shouts!
The orc shouts!
An ufetubus comes into view.
The orc priest invokes the aid of Beogh against you.
Pain shoots through your body!
You see here a +0 morningstar.
You are too injured to fight recklessly!
Things that are here:
a +0 dagger; a +0 robe; an orc corpse You are too injured to fight recklessly!
Casting: Foxfire (safe; 4% risk of failure)
Confirm with . or Enter, or press ? or * to list all spells.
You conjure some foxfire!
The foxfire hits the orc.
The orc is moderately wounded.
The foxfire hits the orc.
The orc is severely wounded.
Casting: Foxfire (safe; 4% risk of failure)
Confirm with . or Enter, or press ? or * to list all spells.
You conjure some foxfire!
The orc hits you with a +0 dagger.
The foxfire hits the orc.
You kill the orc!
Casting: Foxfire (safe; 4% risk of failure)
Confirm with . or Enter, or press ? or * to list all spells.
You conjure some foxfire!
You hit the orc.
The orc is moderately wounded.
The foxfire hits the orc priest but does no damage.
The orc hits you with a +0 falchion!
* * * LOW HITPOINT WARNING * * *
The orc priest attacks as you move away!
The orc priest closely misses you. The orc attacks as you move away!
The orc hits you with a +0 falchion.
* * * LOW HITPOINT WARNING * * *
The foxfire hits the orc but does no damage.
The orc is moderately wounded.
Casting: Foxfire (safe; 4% risk of failure)
Confirm with . or Enter, or press ? or * to list all spells.
You conjure some foxfire!
The orc priest hits you with a +0 hand axe!
You die...

#...# ##..### ####..#..#
#....## ## ## ##....
#..####.#.##. ... .. #....
#......#..#. 8.8. #.#...
##..####.#.# ..... ...## ##.#
##..#. ......####..##
##..###..#.. .55...$)..)v.##
##.......#.#.
_).....###{#@.###....#..#.#..
?!..o.. #.o§v.#..####.#..##.
.(....o #####...## ##...#..
......# ##### #... ##. 8.8.8.
#..###.# ...... #......#
....#. #......# ######.# #.#


You could see an orc priest (ally target).

Vanquished Creatures
  A phantom (D:4)
  An orc wizard (D:4)
  A worm (D:2)
  4 dart slugs (D:1)
  2 orcs (D:4)
  3 ball pythons (D:1)
  2 endoplasms (D:1)
  3 giant cockroaches (D:1)
  3 goblins (D:1)
  4 hobgoblins
  2 jackals (D:1)
  3 kobolds (D:1)
  A quokka (D:1)
  4 bats
  2 frilled lizards
  A rat (D:1)
37 creatures vanquished.

Vanquished Creatures (others)
  138 foxfires
138 creatures vanquished.

Grand Total: 175 creatures vanquished

Notes
Turn   | Place    | Note
-------+----------+-------------------------------------------
     0 | D:1      | gelatine the Demonspawn Fire Elementalist began the quest
                  | for the Orb.
     0 | D:1      | Reached XP level 1. HP: 13/13 MP: 3/3
   185 | D:1      | Discovered your monstrous ancestry.
   185 | D:1      | Gained mutation: You have a small tail. [demonic ancestry]
   185 | D:1      | Reached XP level 2. HP: 19/19 MP: 0/5
   832 | D:1      | Gained mutation: You have a pair of small antennae on your
                  | head. [demonic ancestry]
   832 | D:1      | Reached XP level 3. HP: 24/24 MP: 3/6
  1383 | D:2      | You fall into a shaft and drop 2 floors!
  1386 | D:4      | Noticed a phantom
  1405 | D:4      | Killed a phantom
  1406 | D:4      | Gained mutation: Your touch may inflict minor irresistible
                  | damage on your foes. [demonic ancestry]
  1406 | D:4      | Reached XP level 4. HP: 11/30 MP: 0/8
  1665 | D:4      | Reached XP level 5. HP: 22/35 MP: 4/9
  1669 | D:4      | Found a hide-covered altar of Uskayaw.
  1680 | D:4      | Slain by an orc priest

Illustrated notes

Levels and vault maps discovered:
D:1:      wander_arrival_desolate, layout_rooms, minmay_misc_feat_iff
D:2:      layout_basic, nicolae_ecumenical_pavilion, basic_altar,
          minmay_increasing_density, uniq_jessica, uniq_natasha
D:4:      layout_basic, nemelex_diamond_rough_becter,
          eat_drink_and_be_merry_uskayaw, minmay_temple_entry_hall,
          hangedman_abyss_or_decor_slice

Skill      XL: |  1  2  3 |
---------------+----------+-----
Dodging        | 2 |  2.3
Fire Magic     | 3 |  3.7
Spellcasting   | 3 |  3.2
Conjurations   | 2 |  2.1
Fighting       | |  0.2
Stealth        | |  1.9

Action                   |  1- 3 |  4- 6 || total
-------------------------+-------+-------++-------
Melee: Dagger            |    16 |     4 ||    20
       Tailslap          |     2 |     1 ||     3
 Cast: Foxfire           |    76 |    11 ||    87
Armor: Robe              |     3 |       ||     3
Dodge: Dodged            |    15 |     1 ||    16
